[Event "*** MasterClass Titled Tuesday Blitz"]
[Site "Chess.com"]
[Date "2017.12.12"]
[Round "5"]
[White "GM-2023"]
[Black "tteshan"]
[Result "1-0"]
[WhiteElo "2059"]
[BlackElo "2029"]
[TimeControl "180+2"]
[EndTime "14:08:49 PST"]
[Termination "GM-2023 won by resignation"]

1. e4 c5 2. Nf3 e6 3. d4 cxd4 4.
Nxd4 a6 5. Bd3 Nf6 6. O-O Qc7 7. Qe2 d6 8. f4 Nbd7 9. c4 Be7 10. b3 b6 11. Bb2 Bb7 12. Nd2 O-O 13. Rf3 Rfc8 14.
Rh3 Nf8 15. e5 dxe5 16. fxe5 Ne8 17. Bxh7+ Nxh7 18. Qh5 Bc5 19. Qxh7+ Kf8 20. Qh8+ Ke7 21. Qh4+ Kd7 22. Ne4 Bxd4+ 23. Bxd4 Bxe4 24. Qxe4 Qc6 25. Qe3 Kc7 26. Rf3 f5 27. exf6 gxf6 28. Bxf6 Nxf6 29.
Rxf6 Rg8 30. g3 Rae8 31. Re1 Rgf8 32. Rxe6 Rxe6 33. Qxe6 Qf3 34. Qe7+ Kc8 35. Qe6+ Kc7 36. Qe7+ Kc8 37. Qe4 Qf2+ 38. Kh1 Kb8 39. Qe3 Qf7 40. Qf4+ Qxf4 41. gxf4 Rxf4 42. Re2 Rg4 43. h3 Rg3 44.
Kh2 Rg8 45. h4 Kc7 46. Rd2 Rg4 47. Kh3 Rg6 48. h5 Rg5 49. Kh4 Rg1 50. h6 Kc6 51. Rh2 Rg8 52. h7 Rh8 53. Kg5 Kd6 54. Kg6 Kc5 55.
a3 b5 56. cxb5 axb5 57. Kg7 Ra8 58. h8=Q Rxh8 59. Kxh8 Kd4 60. Rh3 Kc5 61. Kg7 1-0

[Event "*** MasterClass Titled Tuesday Blitz"]
[Site "Chess.com"]
[Date "2017.12.12"]
[Round "5"]
[White "wonderfultime"]
[Black "Sam_ChessMood"]
[Result "1-0"]
[WhiteElo "2715"]
[BlackElo "2611"]
[TimeControl "180+2"]
[EndTime "14:08:55 PST"]
[Termination "wonderfultime won by checkmate"]

1. d4 d5 2. Bf4 Nf6 3. e3 c5 4. c3 Nc6 5. Nd2 e6 6. Ngf3 Bd6 7.
Bg3 O-O 8. Bb5 Qe7 9. O-O Bd7 10. Bxc6 Bxc6 11. Ne5 Nd7 12. Ndf3 Bb5 13. Re1 Nf6 14.
Bh4 Qc7 15. Qb3 Ba6 16. Qc2 Ne4 17. Rad1 Rac8 18. Nd3 Bxd3 19. Qxd3 c4 20. Qc2 b5 21. a3 a5 22. Bg3 h6 23. Bxd6 Qxd6 24. Ne5 b4 25. axb4 axb4 26. f3 b3 27. Qe2 Nf6 28. e4 Nd7 29. Ng4 Ra8 30. Ne3 Nb6 31. e5 Qe7 32. f4 Ra2 33. Rd2 Rfa8 34. Rf1 Ra1 35.
g3 Rxf1+ 36. Kxf1 Ra2 37. Kg2 Na4 38. h4 h5 39. f5 exf5 40. Nxf5 Qe6 41. Ne3 g6 42.
Qf2 Kg7 43. Nd1 Ra1 44. Qf4 Qf5 45. Qxf5 gxf5 46. Ne3 Rb1 47. Nd1 Rc1 48. Kf2 Rc2 49. Ke1 Nxb2 50. Nxb2 Rxc3 51. Nd1 Rxg3 52. Kf2 Rh3 53. Kg2 Rxh4 54. Nc3 Rg4+ 55. Kf3 h4 56. Nxd5 h3 57. Ne3 c3 58. Rh2 b2 59. Rh1 Kg6 60.
d5 Rb4 61. Rb1 Rd4 62. d6 f6 63. Rg1+ Kf7 64. Nxf5 Rd3+ 65. Ke4 c2 66. Rg7+ Kf8 67. e6 b1=Q 68. e7+ Ke8 69. Rg8+ Kd7 70. e8=Q# 1-0

[Event "*** MasterClass Titled Tuesday Blitz"]
[Site "Chess.com"]
[Date "2017.12.12"]
[Round "5"]
[White "1stSecond"]
[Black "Alliswell998"]
[Result "0-1"]
[WhiteElo "2469"]
[BlackElo "2349"]
[TimeControl "180+2"]
[EndTime "14:09:00 PST"]
[Termination "Alliswell998 won by resignation"]

1. d4 Nf6 2. c4 c5 3. d5 b5 4. Nf3 Bb7 5. a4 bxc4 6. Nc3 e6 7. e4 exd5 8. exd5 d6 9. Bxc4 Be7 10. a5 Ba6 11.
O-O O-O 12. b3 Re8 13. Re1 Qd7 14. Qd3 Bxc4 15. Qxc4 Qf5 16. Bf4 Nbd7 17. h3 h6 18. Rad1 Rab8 19. g4 Qh7 20. Nb5 Bf8 21. Rxe8 Nxe8 22.
Nxa7 Rb4 23. Qc1 Qe4 24. Nc6 Qxf4 25. Nxb4 Qxf3 26. Rd3 Qe4 27. Re3 Qxb4 28. Rxe8 Qxa5 29. Qf4 Nf6 30. Rb8 Qc7 31. Ra8 Nxd5 32. Qe4 Nf6 33. Qa4 Qe7 34. Qa5 g6 35. Rd8 Kg7 36. Qa8 Nh7 37.
Qc8 Qe1+ 38. Kg2 d5 39. Rd7 d4 40. Qb7 Qe6 41. Qc7 Ng5 42. Qb7 Qe4+ 43. Qxe4 Nxe4 44. Kf3 Nc3 45. Kf4 Kf6 46. h4 Ke6 47. Ra7 Bd6+ 48.
Kf3 Nd5 49. Ke4 Nf6+ 50. Kf3 h5 51. g5 Nd7 52. Ke4 Ne5 53. f4 Ng4 54. Ra8 Nf2+ 55. Kf3 Nd1 56. Ke4 Nc3+ 57. Kd3 Bxf4 58. Re8+ Kd5 59.
Re7 Na2 60. Rxf7 Nb4+ 61. Ke2 d3+ 62. Kd1 Be5 63. Rf8 Kd4 64. Kd2 Nd5 65. Rd8 Bf4+ 66. Kd1 d2 67. Ke2 Ke4 68. Re8+ Kf5 69. Rf8+ Kg4 70.
b4 Nc3+ 71. Kf2 d1=Q 72. Rxf4+ Kxf4 73. bxc5 Qe2+ 0-1

[Event "*** MasterClass Titled Tuesday Blitz"]
[Site "Chess.com"]
[Date "2017.12.12"]
[Round "5"]
[White "viktoriani"]
[Black "oogee"]
[Result "1/2-1/2"]
[WhiteElo "2062"]
[BlackElo "2140"]
[TimeControl "180+2"]
[EndTime "14:09:14 PST"]
[Termination "Game drawn - insufficient material"]

1. d4 Nf6 2. c4 g6 3. g3 Bg7 4.
Bg2 O-O 5. Nf3 d6 6. O-O Qe8 7. Nc3 e5 8. dxe5 dxe5 9. Nd5 Na6 10. Bg5 Nxd5 11. cxd5 e4 12. Nd2 f5 13. Nc4 b5 14.
Na5 Bxb2 15. Rb1 Bc3 16. Nc6 b4 17. Be7 Rf7 18. Bxb4 Nxb4 19. Nxb4 Bb7 20. Nc6 Bxc6 21. dxc6 Qxc6 22. Rc1 Qf6 23. Qd5 Rd8 24. Qc4 Be5 25.
Rfd1 Kg7 26. e3 Rfd7 27. Rxd7+ Rxd7 28. Bf1 h5 29. Qa4 Qd6 30. Bb5 Re7 31. Qxa7 h4 32. Bc4 hxg3 33. hxg3 g5 34. Qb8 Kg6 35. Qg8+ Bg7 36.
Bb3 f4 37. Rd1 Qc5 38. Qd5 Qxd5 39. Rxd5 fxe3 40. fxe3 Be5 41. Kg2 Bd6 42. Bc2 Kf6 43.
g4 Re8 44. Rf5+ Kg6 45. Rd5 Kf6 46. a4 Rh8 47. Bxe4 Rh2+ 48. Kf3 Ra2 49. Rf5+ Ke7 50.
Bc6 Rc2 51. Be4 Rc4 52. a5 Rc5 53. a6 Rxf5+ 54. Bxf5 Bc5 55. Ke4 Kf6 56. Bc8 Bb6 57. Kd3 Ke5 58. e4 Bc5 59. Bf5 Bb6 60. Kc4 c6 61. Kb4 Kd4 62. Kb3 Ba7 63. Kb4 Bb6 64. Bd7 c5+ 65. Kb5 Ba7 66. e5 Kxe5 67. Kc6 c4 68. Kb7 Bd4 69. Bf5 c3 70. a7 Bxa7 71. Kxa7 Kf4 72. Kb6 c2 73. Bxc2 Kxg4 74. Bd3 Kf4 75.
Bf1 Kf3 76. Bh3 Kg3 77. Bc8 g4 78. Bxg4 1/2-1/2

[Event "*** MasterClass Titled Tuesday Blitz"]
[Site "Chess.com"]
[Date "2017.12.12"]
[Round "5"]
[White "Kawhi_Leonard2"]
[Black "arna"]
[Result "1/2-1/2"]
[WhiteElo "2265"]
[BlackElo "2164"]
[TimeControl "180+2"]
[EndTime "14:09:26 PST"]
[Termination "Game drawn by repetition"]

1. e4 c5 2. Nf3 Nc6 3. d4 cxd4 4. Nxd4 e5 5. Nb5 d6 6. N1c3 a6 7. Na3 Be7 8. Nd5 Nf6 9. Nxf6+ Bxf6 10. Nc4 Be7 11.
Be3 b5 12. Nb6 Rb8 13. Nd5 O-O 14. Be2 Bg5 15. O-O Bxe3 16. Nxe3 Be6 17. c3 Ne7 18. Bf3 Qc7 19. Qd2 Rfd8 20. Rfd1 g6 21. a4 bxa4 22. Nd5 Nxd5 23. exd5 Bd7 24. Be2 Qb6 25. Ra2 Kg7 26.
Rda1 a5 27. Bd1 Rdc8 28. g3 Rc5 29. Bxa4 Bxa4 30. Rxa4 Qxb2 31. Qxb2 Rxb2 32. c4 Rc2 33. Rxa5 R2xc4 34. Rxc5 Rxc5 35. Rd1 e4 36. Rd4 f5 37. Kg2 Kf6 38. f4 exf3+ 39. Kxf3 Ke5 40. Ra4 Rc3+ 41.
Kf2 h5 42. h4 Rd3 43. Ra8 Rxd5 44. Rg8 Kf6 45. Rf8+ Ke7 46. Rg8 Kf7 47. Rd8 Ke7 48. Rg8 Kf7 49. Ra8 Rd1 50. Ra7+ Kf6 51. Ra6 Ke5 52. Ra5+ d5 53. Ra6 Rd2+ 54. Ke3 Rg2 55. Kf3 Rb2 56. Rxg6 Rb3+ 57. Kf2 Ke4 58. Re6+ Kd4 59.
Rh6 Ke4 60. Re6+ Kd4 61. Rh6 Rb2+ 62. Kf3 Rb3+ 63. Kf4 Kc3 64. Rxh5 d4 65. Rxf5 d3 66.
Rd5 Rb1 67. h5 d2 68. g4 Rf1+ 69. Kg5 d1=Q 70. Rxd1 Rxd1 71. h6 Rh1 72. Kg6 Kd4 73. g5 Ke5 74. Kg7 Kf5 75. g6 Kg5 76. h7 Rh2 77.
Kf7 Rh1 78. Kg7 Rh6 79. Kf7 Rh1 80. Kg7 Rh6 81. Kf7 Rh1 1/2-1/2

[Event "*** MasterClass Titled Tuesday Blitz"]
[Site "Chess.com"]
[Date "2017.12.12"]
[Round "5"]
[White "Msb2"]
[Black "SenseiJulio"]
[Result "0-1"]
[WhiteElo "2659"]
[BlackElo "2544"]
[TimeControl "180+2"]
[EndTime "14:09:36 PST"]
[Termination "SenseiJulio won by resignation"]

1. d4 e6 2. c4 f5 3. g3 Nf6 4.
Bg2 d5 5. Nf3 Bd6 6. O-O O-O 7.
Nc3 c6 8. Rb1 Nbd7 9. Qc2 Ne4 10.
b4 Nxc3 11. Qxc3 dxc4 12. Qxc4 Nb6 13. Qc2 Nd5 14. Bd2 Bd7 15. Ne5 Bxe5 16. dxe5 Be8 17. e4 Ne7 18. Bg5 Qc7 19. Qc5 Ng6 20. Qd6 Rc8 21.
exf5 Qxd6 22. exd6 exf5 23. b5 Rf7 24. Rfc1 h6 25. Be3 f4 26. Bxa7 f3 27. Bf1 Rd7 28.
Bh3 Ra8 29. Bxd7 Bxd7 30. bxc6 Bxc6 31. d7 Bxd7 32. Rxb7 Ne5 33. Rb8+ Rxb8 34. Bxb8 Nc6 35. Bf4 Nd4 36. Kf1 g5 37. Be3 Ne2 38. Rc7 Bb5 39. Ke1 g4 40. Kd2 h5 41. Rc5 Be8 42. Re5 Bf7 43. a4 Kg7 44. a5 Kf6 45. Rxh5 Bxh5 46. a6 Be8 47. a7 Bc6 48. Kd3 Bd5 49.
Bd2 Ke6 50. Ke3 Kd7 51. Bb4 Kc7 52. Be7 Kb7 53. Bc5 Ka6 54. Kd3 Kb5 55. Be3 Ka4 56.
Bb6 Kb3 57. Be3 Kb2 58. Bh6 Kb3 59. Be3 Bb7 60. Bh6 Ka4 61. Kc4 Ka5 62. Be3 Ka6 63. Bc5 Be4 64. Be3 Kb7 65. Bc5 Kc7 66. Be3 Kd7 67. Kc5 Ke6 68. Bd2 Ba8 69. Be3 Nc3 70.
Kd4 Nd1 71. Kd3 Nxe3 72. Kxe3 Ke5 73. Kd3 Bb7 74. Ke3 Be4 75. Kd2 Kd4 76. Kc1 Kc3 77.
Kd1 Kd3 78. Ke1 Kc2 79. Kf1 Kd2 80. Kg1 Ke1 81. h4 gxh3 82. g4 h2+ 83. Kxh2 Kxf2 84. g5 Ke2 85. g6 f2 86. g7 f1=Q 87. g8=Q Qh1+ 88. Kg3 Qg2+ 89. Kf4 Qxg8 90. Kxe4 Qa8+ 0-1

[Event "*** MasterClass Titled Tuesday Blitz"]
[Site "Chess.com"]
[Date "2017.12.12"]
[Round "5"]
[White "lukas_111111"]
[Black "Kacparov"]
[Result "1/2-1/2"]
[WhiteElo "2455"]
[BlackElo "2578"]
[TimeControl "180+2"]
[EndTime "14:09:44 PST"]
[Termination "Game drawn by agreement"]

1. e4 c5 2. Nf3 e6 3. d4 cxd4 4. Nxd4 Nf6 5. Nc3 d6 6. g4 a6 7. g5 Nfd7 8. Be3 Nc6 9. h4 Qc7 10. h5 Nde5 11. Be2 b5 12. a3 Bb7 13. Nxc6 Qxc6 14.
Qd4 Nc4 15. Bxc4 Qxc4 16. O-O-O Qxd4 17. Bxd4 h6 18. f4 e5 19. fxe5 dxe5 20. Bxe5 hxg5 21. Nd5 Bxd5 22. exd5 f6 23. Bg3 Kd7 24. d6 Rc8 25. b3 Rc6 26. Rh2 f5 27. Be5 Rh6 28. Re2 Re6 29.
Rd5 f4 30. Rg2 Bxd6 31. Rxg5 Rc5 32. Rxg7+ Kc6 33. Rxd6+ Rxd6 34. Bxd6 Kxd6 35. Rf7 Rxh5 36. Rxf4 Rh6 37. Kb2 Kc5 38. Rf5+ Kb6 39. Kc3 Rc6+ 40. Kb2 a5 41. Rg5 Rd6 42. Rg4 Re6 43. Rg5 Rh6 44. Rd5 Rg6 45. Rd4 Rh6 46. c4 bxc4 47. Rxc4 Kb5 48.
Re4 Rh2+ 49. Kc3 Rh3+ 50. Kc2 Rh2+ 51. Kd3 Rh3+ 52. Re3 Rh5 53. Kc3 Rc5+ 54. Kb2 Rh5 55. a4+ Kc5 56. Rc3+ Kb6 57. Rc4 Rh2+ 58. Ka3 Rh1 59.
Rg4 Rh6 60. Rg5 Ka6 61. Kb2 Kb6 62. Kc3 Rc6+ 63. Kd4 Rd6+ 64. Rd5 Rh6 65. Rb5+ Ka6 66. Rc5 Kb6 67. Rb5+ Ka6 68. Rd5 Kb6 69. Ke5 Rh5+ 70. Ke4 Rh4+ 71. Ke5 Rh5+ 72. Kd4 Rh4+ 73. Kd3 Rh3+ 74. Kc4 Rh4+ 75. Rd4 Rh6 76. Re4 Rg6 77. Kd5 Rg5+ 78. Kc4 Rg6 79. Re5 Rh6 80. Kd5 Rg6 81.
Re6+ Rxe6 82. Kxe6 Kc6 83. Ke7 Kc7 84. Ke6 Kc6 85.
Ke7 Kc7 86. Ke6 1/2-1/2

[Event "*** MasterClass Titled Tuesday Blitz"]
[Site "Chess.com"]
[Date "2017.12.12"]
[Round "5"]
[White "GameOverBro"]
[Black "pedromartinez91"]
[Result "0-1"]
[WhiteElo "2240"]
[BlackElo "2206"]
[TimeControl "180+2"]
[EndTime "14:09:47 PST"]
[Termination "pedromartinez91 won by resignation"]

1. e4 c5 2. Ne2 Nc6 3. Nbc3 g6 4. d4 cxd4 5. Nxd4 Bg7 6. Nde2 h5 7. Be3 h4 8. h3 Nf6 9. Qd2 d6 10. Nf4 Qa5 11. Bc4 Qe5 12. Nd3 Qh5 13. Nf4 Qe5 14.
f3 g5 15. Nd3 Qg3+ 16. Kf1 Ne5 17. Bb5+ Kf8 18. Ne1 Be6 19. Ne2 Nc4 20. Qd3 Nxe3+ 21. Qxe3 Qe5 22. Nd4 Nd5 23. Nxe6+ fxe6 24. Qb3 Nf4 25. c3 Bf6 26. a4 Kg7 27. a5 Rab8 28. Ra4 Rhc8 29. Nd3 Nxd3 30. Bxd3 Rc5 31. Qa3 Qf4 32. Ke2 Qg3 33. Rg1 Qh2 34. Qa1 Be5 35. Qd1 Bf4 36. Bc4 Kf6 37. Ba2 Qg3 38. Qd4+ Re5 39.
Qf2 Qxf2+ 40. Kxf2 Rc8 41. Rd1 Rc7 42. a6 b6 43. Rdd4 Rb5 44. Rab4 Ra5 45. Ra4 Rcc5 46. Bb1 Be5 47. Rdb4 Rxa4 48. Rxa4 Rb5 49. Ra2 Bxc3 50. Bd3 Rxb2+ 51. Rxb2 Bxb2 52. Ke3 Ke5 53. Bb5 d5 54. Bd7 Ba3 55. Bb5 Bc5+ 56. Ke2 Kd4 57. Bd7 Ke5 58. Kd3 Kd6 59. Bc8 Ke5 60. Bd7 d4 61. Bb5 Kf4 62. Ke2 Kg3 63. Kf1 e5 64. Bc4 Kf4 65. Ke2 Bb4 66.
Bb5 Bc3 67. Bc4 Kg3 68. Kf1 Bd2 69. Bb5 Bf4 70. Bc4 Be3 71. Bb5 Kf4 72. Ke2 g4 73.
hxg4 Kg5 74. Bd7 Kf4 75. Bb5 Bc1 76. Bd7 Kg3 77. Kd1 Bg5 78. Ke2 Kxg2 79. f4 exf4 0-1

[Event "*** MasterClass Titled Tuesday Blitz"]
[Site "Chess.com"]
[Date "2017.12.12"]
[Round "5"]
[White "TomsKantans"]
[Black "matiss90"]
[Result "1-0"]
[WhiteElo "2459"]
[BlackElo "2333"]
[TimeControl "180+2"]
[EndTime "14:11:04 PST"]
[Termination "TomsKantans won on time"]

1. e4 c5 2. Nf3 Nc6 3. d4 cxd4 4. Nxd4 Nf6 5. Nc3 e5 6. Ndb5 d6 7. Bg5 a6 8. Na3 b5 9. Bxf6 gxf6 10. Nd5 Bg7 11.
Bd3 Be6 12. c3 f5 13. Nc2 fxe4 14. Bxe4 O-O 15. g3 f5 16. Bg2 Kh8 17. O-O e4 18.
Nf4 Bg8 19. f3 d5 20. Kh1 Ra7 21. a4 bxa4 22. Rxa4 a5 23. Qe2 Rb7 24. Nd4 Nxd4 25. cxd4 Qb6 26. fxe4 fxe4 27. Qh5 Bf7 28. Qd1 Qxb2 29.
Rxa5 Qxd4 30. Qxd4 Bxd4 31. Nxd5 Bg7 32. Bxe4 Bxd5 33.
Rxf8+ Bxf8 34. Rxd5 Re7 35. Bd3 Bh6 36. Kg2 Kg7 37. h4 Bc1 38. Rc5 Be3 39. Rh5 h6 40. Rd5 Bc1 41. Rd6 Be3 42. Kf3 Bc1 43. Kg4 Be3 44. Bf5 Bc1 45. Rg6+ Kf7 46. Rc6 Be3 47. Kh5 Kg7 48. Bc2 Kh8 49. Bb3 Kg7 50. Rc8 Kf6 51. Rg8 Ke5 52. Bc2 Kf6 53. Rg6+ Kf7 54. Bf5 Re5 55. g4 Re7 56. Rc6 Kg7 57. Be6 Kf6 58.
Bf5+ Kg7 59. Rg6+ Kf7 60. Ra6 Kg7 61. Ra5 Kf7 62. Rb5 Kg7 63. Bc2 Kf7 64. Bb3+ Kg7 65. Rf5 Bd4 66. g5 hxg5 67. hxg5 Be3 68. Rb5 Bxg5 69. Kxg5 Rc7 70. Be6 Ra7 71. Rb8 Ra5+ 72. Bf5 Kf7 73. Rb7+ Ke8 74. Kf6 Kd8 75. Rd7+ Ke8 76.
Rc7 Ra8 77. Be6 Kd8 78. Rd7+ Kc8 79. Rf7+ Kb8 80. Bd5 Ra7 81. Rf8+ Kc7 82. Ke5 Ra5 83. Rf7+ Kb6 84. Kd6 Ra7 85. Rf3 Ra5 86. Bc4 Ra4 87. Rb3+ Ka5 88. Kc5 Rb4 89. Ra3+ Ra4 90. Rf3 Ra1 91.
Rf8 1-0

[Event "*** MasterClass Titled Tuesday Blitz"]
[Site "Chess.com"]
[Date "2017.12.12"]
[Round "5"]
[White "1random"]
[Black "lucasmito"]
[Result "1/2-1/2"]
[WhiteElo "2140"]
[BlackElo "2235"]
[TimeControl "180+2"]
[EndTime "14:11:05 PST"]
[Termination "Game drawn by repetition"]

1. d4 Nf6 2. c4 g6 3. f3 d5 4.
cxd5 Nxd5 5. e4 Nb6 6. Nc3 Bg7 7. Be3 O-O 8. Qd2 Nc6 9. O-O-O e5 10. d5 Nd4 11. f4 c5 12. Nf3 exf4 13. Bxf4 Bg4 14. Be2 Bxf3 15. gxf3 Re8 16. h4 h5 17. Nb5 Qf6 18.
Bg5 Qe5 19. Nxd4 Qxd4 20. Qxd4 Bxd4 21. a4 a6 22. a5 Nd7 23. Bc4 Ne5 24. Be2 Rac8 25.
Kc2 Kg7 26. Bd2 Nd7 27. Bc3 Ne5 28. Kb1 Bxc3 29. bxc3 c4 30. Kc2 Rc5 31. Ra1 f6 32.
Rhb1 Re7 33. Rb4 Rd7 34. f4 Ng4 35. Kd2 f5 36. Bxc4 fxe4 37. Bb3 e3+ 38. Ke2 Rxc3 39. Rb1 Nf6 40. Bc4 Ne4 41. Rxb7 Ng3+ 42. Kf3 e2+ 43. Kf2 Rxb7 44. Rxb7+ Kh6 45. Bxe2 Nxe2 46. Kxe2 Rc5 47. d6 Rxa5 48. d7 Rd5 49. Kf3 a5 50. Ke4 Rd1 51. Ke5 a4 52. Kf6 a3 53. Ra7 a2 54. Ra8 Rxd7 55. Rxa2 Rd6+ 56. Ke5 Rb6 57. Ra8 Rb5+ 58. Ke4 Rb4+ 59. Kf3 Rb3+ 60. Kg2 Kg7 61. Ra6 Rc3 62. Rb6 Kf7 63. Ra6 Re3 64. Rb6 Kg7 65.
Ra6 Kf7 66. Rb6 Re6 67. Rb8 Kf6 68. Rf8+ Kg7 69. Ra8 Kf6 70. Rf8+ Ke7 71. Ra8 Kf7 72. Kf3 Rc6 73. Ra7+ Ke6 74. Rg7 Kf6 75. Ra7 Rc3+ 76. Kg2 Kf5 77. Ra4 Kg4 78. f5+ Kxf5 79. Ra5+ Kf6 80.
Ra6+ Kf5 81. Ra5+ Kf6 82. Ra6+ Kg7 83. Ra4 Re3 84. Ra6 Re4 85. Kg3 Rg4+ 86. Kh3 Re4 87. Ra3 Kf6 88. Ra6+ Re6 89. Ra3 Kf5 90. Kg3 Re5 91.
Rb3 Rc5 92. Ra3 Re5 93. Rb3 Rd5 94. Ra3 Ke4 95. Ra4+ Kf5 96. Ra3 Re5 97. Rb3 1/2-1/2

[Event "*** MasterClass Titled Tuesday Blitz"]
[Site "Chess.com"]
[Date "2017.12.12"]
[Round "5"]
[White "florianschwabeneder"]
[Black "TheBigBoss04"]
[Result "1/2-1/2"]
[WhiteElo "2470"]
[BlackElo "2490"]
[TimeControl "180+2"]
[EndTime "14:12:09 PST"]
[Termination "Game drawn by agreement"]

1. Nf3 Nf6 2. b3 b5 3. e3 a6 4. c4 bxc4 5. bxc4 e6 6. Nc3 c5 7.
d4 cxd4 8. exd4 Bb4 9. Bd2 O-O 10. Bd3 Be7 11. O-O d6 12. Re1 Nbd7 13. a4 Re8 14. a5 Qc7 15. Na4 Bf8 16. Rb1 Bb7 17. Nb6 Rab8 18. Bg5 h6 19. Bh4 Bc6 20. d5 exd5 21.
Rxe8 Rxe8 22. cxd5 Nxd5 23. Nxd5 Bxd5 24. Bxa6 Bxf3 25.
Qxf3 Qxa5 26. Bf1 Ne5 27. Qb3 Be7 28. Bg3 Bf6 29. Rd1 Qc5 30. h3 h5 31. Qa4 Rc8 32. Qe4 g6 33. Qf4 Bg7 34. Qe4 Rd8 35. Bh4 Rb8 36. Bg3 Rb2 37. Qd5 Qxd5 38. Rxd5 Rb6 39. f4 Nd7 40. Bf2 Rc6 41. Bb5 Rc1+ 42. Kh2 Nf6 43.
Rxd6 Ne4 44. Rd8+ Kh7 45. Bd4 Rd1 46. Bb6 Rb1 47. Bd3 Rb4 48. Ba5 Ra4 49. Be1 Nc5 50.
Bc2 Ra2 51. Bd1 Ne6 52. Rd7 Nxf4 53. Bf3 Kg8 54. Bg3 Ne6 55. Bd5 Re2 56. Rb7 Bf6 57.
Bf3 Re3 58. h4 Kg7 59. Bd5 Re2 60. Bc4 Re4 61. Bd5 Re3 62. Bc4 Kg8 63. Bd5 Be5 64. Bxe5 Rxe5 65. Bxe6 Rxe6 66. g3 Re2+ 67. Kg1 Ra2 68.
Rb6 Kg7 69. Rc6 Kf8 70. Rb6 Ke7 71. Rc6 Rb2 72. Ra6 Kf8 73. Rc6 Kg7 74. Rd6 Re2 75.
Ra6 Re6 76. Ra5 Kf6 77. Kf2 Re5 78. Ra6+ Kf5 79. Rb6 f6 80. Kf3 Ra5 81. Rc6 Ra3+ 82.
Kf2 Kg4 83. Rxf6 Ra2+ 84. Kg1 Kxg3 85. Rxg6+ Kxh4 86. Rg8 Kh3 87. Kf1 h4 88. Rg7 Kh2 89.
Rg8 h3 90. Rg7 Rg2 91. Rh7 Rg3 92. Kf2 Rg8 93. Rf7 Kh1 94. Kf1 h2 95. Kf2 Ra8 96.
Rg7 Ra2+ 97. Kf1 Ra1+ 98. Kf2 Rg1 99. Rh7 Rg8 100. Rf7 Rg2+ 101. Kf1 Rg1+ 102. Kf2 Ra1 103. Rf8 Ra2+ 104. Kf1 Ra7 105. Kf2 Rg7 106. Kf1 Rg1+ 107. Kf2 Rg2+ 108. Kf1 Ra2 109. Rf7 Ra1+ 110. Kf2 Ra2+ 111. Kf1 Rg2 112. Rf8 Rg7 113. Kf2 Rc7 114. Kf1 Rc1+ 115. Kf2 Rc3 116. Kf1 Rc2 117. Rf7 Ra2 1/2-1/2

[Event "*** MasterClass Titled Tuesday Blitz"]
[Site "Chess.com"]
[Date "2017.12.12"]
[Round "5"]
[White "PulpanJ"]
[Black "Noukii"]
[Result "1/2-1/2"]
[WhiteElo "2472"]
[BlackElo "2606"]
[TimeControl "180+2"]
[EndTime "14:15:22 PST"]
[Termination "Game drawn by repetition"]

1. d4 d5 2. Nf3 Nf6 3. c4 c6 4. Nbd2 Bf5 5. Nh4 Be6 6. e3 g6 7. Bd3 Bg7 8. O-O O-O 9. b3 c5 10. Bb2 cxd4 11. Bxd4 Nc6 12. Bb2 Qa5 13. Qe2 Nb4 14.
Bc3 Qb6 15. Bd4 Qd8 16. c5 Nxd3 17. Qxd3 Re8 18. b4 Bd7 19. Nhf3 Bf5 20. Qb3 Qd7 21. Ne5 Qb5 22. a4 Qe2 23. Ndf3 Qc2 24. Qa3 Qe4 25. Nxf7 h6 26. N7e5 Ng4 27. Nxg4 Bxg4 28. Nd2 Qe6 29. Bxg7 Kxg7 30. Qc3+ Qf6 31. Qd3 Rad8 32. Qb5 Rd7 33. h3 a6 34. Qd3 Bf5 35. Qe2 Qh4 36. b5 axb5 37. Qxb5 Rc8 38. Nf3 Qf6 39. Nd4 Rdc7 40. Rfc1 Bd7 41. Qb4 h5 42. Rab1 Ra8 43. a5 g5 44. Ne2 Rac8 45. Ng3 Kh6 46. Qb6 Bc6 47. a6 bxa6 48. Qxa6 Ra8 49. Qb6 Rb7 50. Qxb7 Bxb7 51. Rxb7 Ra2 52. Rb6 e6 53. Rf1 h4 54. Nh1 Rc2 55. c6 Qe5 56. Rd1 Qc3 57. c7 Qe5 58. Rb7 Rxc7 59. Rxc7 Qxc7 60. g3 Qc2 61. Rf1 Kg6 62.
gxh4 gxh4 63. Kg2 Kf5 64. Kf3 e5 65. Kg2 Ke4 66. Re1 Qd2 67. Rb1 d4 68. exd4 exd4 69. Rb5 d3 70. Rb8 Qg5+ 71. Kf1 Qc1+ 72. Kg2 d2 73. f3+ Kf5 74. Rb5+ Kf6 75. Nf2 Qc7 76. Rb1 Qg3+ 77. Kf1 Qxf3 78. Rd1 Qe3 79. Rxd2 Kf5 80. Re2 Qf3 81. Rd2 Kf4 82. Rd4+ Kg5 83. Rg4+ Kh5 84.
Kg1 Qe3 85. Kg2 Qe2 86. Re4 Qb2 87. Rg4 Qe2 88. Rf4 Qd2 89. Rf5+ Kg6 90. Rf3 Qd5 91. Ng4 Kg5 92. Nh2 Qd2+ 93. Rf2 Qd5+ 94. Kg1 Qc5 95. Kg2 Qd5+ 96. Kg1 Qc5 97. Kf1 Qc6 98. Kg1 Qc1+ 99. Kg2 Qe3 100. Nf3+ Kh5 101. Ng1 Qg3+ 102. Kf1 Qd3+ 103. Kg2 Kh6 104. Rf3 Qe4 105. Kf1 Kg5 106. Kf2 Qd4+ 107. Kg2 Qd2+ 108. Rf2 Qd5+ 109. Kf1 Qd1+ 110. Kg2 Qd5+ 111. Kf1 Qh1 112. Rf3 Kg6 113. Rf4 Kg5 114. Rg4+ Kh5 115. Rg2 Kh6 116. Kf2 Kh5 117. Kf3 Kh6 118. Kf2 Kh5 119. Ne2 Qd1 120. Nf4+ Kh6 121. Rg6+ Kh7 122. Rg4 Qd2+ 123. Kf3 Qe1 124. Ng2 Qf1+ 125. Ke3 Qg1+ 126. Kf4 Qd4+ 127. Kg5 Qd8+ 128. Kh5 Qf6 129. Rg5 Qe7 130. Nxh4 Qe2+ 131. Rg4 Qe5+ 132. Rg5 Qe2+ 133. Rg4 Qe5+ 134. Rg5 Qe2+ 135. Rg4 Qe5+ 136. Rg5 Qe2+ 137. Rg4 1/2-1/2

[Event "*** MasterClass Titled Tuesday Blitz"]
[Site "Chess.com"]
[Date "2017.12.12"]
[Round "6"]
[White "wonderfultime"]
[Black "TheLancer"]
[Result "0-1"]
[WhiteElo "2702"]
[BlackElo "2484"]
[TimeControl "180+2"]
[EndTime "14:19:00 PST"]
[Termination "TheLancer won by resignation"]

1. d4 Nf6 2. Bf4 e6 3. e3 b6 4. Nf3 Bb7 5. h3 c5 6. c3 cxd4 7. exd4 Be7 8. Bd3 d6 9. Nbd2 a6 10. O-O O-O 11. Re1 Re8 12. Bh2 Nbd7 13. a4 Nf8 14. Bf1 Ng6 15. Qb3 Nd5 16. Nc4 Rb8 17.
Nfd2 Ba8 18. Ne4 Ndf4 19. Ned2 Bf8 20. Ne3 Qg5 21. Qd1 Nxh3+ 0-1

[Event "*** MasterClass Titled Tuesday Blitz"]
[Site "Chess.com"]
[Date "2017.12.12"]
[Round "6"]
[White "truki"]
[Black "Konavets"]
[Result "0-1"]
[WhiteElo "2213"]
[BlackElo "2761"]
[TimeControl "180+2"]
[EndTime "14:19:32 PST"]
[Termination "Konavets won by resignation"]

1. d4 g6 2. e4 Bg7 3. Nf3 d6 4. Bc4 a6 5. O-O b5 6. Bb3 Bb7 7. Qe2 e6 8. Bg5 Ne7 9. c3 h6 10. Bh4 g5 11. Bg3 Ng6 12. a4 Nd7 13. Na3 b4 14. Nc4 Rb8 15. Na5 Ba8 16. cxb4 h5 17. h3 g4 18. hxg4 hxg4 19. Nh2 Bxd4 20. Nxg4 Rxb4 21.
Bc4 Qg5 22. Rad1 Rxb2 23. Qf3 Nde5 24. Bxe5 Nxe5 25. Nxe5 Qxe5 26. g3 Bxe4 0-1

[Event "*** MasterClass Titled Tuesday Blitz"]
[Site "Chess.com"]
[Date "2017.12.12"]
[Round "6"]
[White "A-Fier"]
[Black "jefferyx"]
[Result "0-1"]
[WhiteElo "2630"]
[BlackElo "2775"]
[TimeControl "180+2"]
[EndTime "14:19:38 PST"]
[Termination "jefferyx won by resignation"]

1. d4 Nf6 2. Bg5 d5 3. Nd2 Bg4 4. f3 Bf5 5. c4 e6 6. e4 dxe4 7. fxe4 Bg6 8. e5 h6 9. Bh4 Qxd4 10. Ngf3 Qe3+ 11. Qe2 Qxe2+ 12. Bxe2 Nfd7 13. O-O-O Nc6 14. Bg3 a5 15. Nb3 Nb4 16. a3 Nc6 17. h4 Be7 18. h5 Bh7 19. Nbd4 Nc5 20. Kd2 Nxd4 21. Nxd4 Ne4+ 0-1

[Event "*** MasterClass Titled Tuesday Blitz"]
[Site "Chess.com"]
[Date "2017.12.12"]
[Round "6"]
[White "johannesh"]
[Black "kereswasbest"]
[Result "1-0"]
[WhiteElo "2311"]
[BlackElo "2207"]
[TimeControl "180+2"]
[EndTime "14:19:43 PST"]
[Termination "johannesh won by resignation"]

1. d4 Nf6 2. c4 e6 3. Nf3 d5 4. Nc3 Bb4 5. Qb3 Nc6 6. a3 Bxc3+ 7. Qxc3 O-O 8. Bg5 h6 9. Bxf6 Qxf6 10. cxd5 exd5 11. e3 Bg4 12. Be2 Qe7 13. O-O Nd8 14. b4 Ne6 15. h3 Bh5 16. Qd2 Kh8 17. Ne5 Bxe2 18. Qxe2 Qg5 19. Rfc1 c6 20. b5 cxb5 21. Qxb5 Rac8 22. Rxc8 Rxc8 23. Nxf7+ 1-0

[Event "*** MasterClass Titled Tuesday Blitz"]
[Site "Chess.com"]
[Date "2017.12.12"]
[Round "6"]
[White "Parhamov"]
[Black "aa175"]
[Result "1-0"]
[WhiteElo "2730"]
[BlackElo "1903"]
[TimeControl "180+2"]
[EndTime "14:19:44 PST"]
[Termination "Parhamov won by checkmate"]

1. Nf3 Nf6 2. Ng1 Ng8 3. d4 d5 4. Nf3 Nf6 5. Bf4 e6 6. e3 Bd6 7. c4 Bxf4 8. exf4 dxc4 9. Bxc4 Nd5 10. g3 c6 11. O-O O-O 12. Nc3 Nd7 13. Bb3 N7f6 14.
Qe2 Qc7 15. Rfe1 a6 16. Rac1 h6 17. Na4 Bd7 18. Nc5 b6 19. Nd3 Qa7 20. Bc2 Rac8 21. Bb1 a5 22. a3 a4 23. Nfe5 b5 24. Nc5 Rb8 25. Qf3 b4 26. g4 bxa3 27. bxa3 Rb3 28. Nxb3 axb3 29. g5 hxg5 30. fxg5 Nh7 31. Qh5 g6 32.
Nxg6 fxg6 33. Qxg6+ Kh8 34. Qxh7# 1-0

[Event "*** MasterClass Titled Tuesday Blitz"]
[Site "Chess.com"]
[Date "2017.12.12"]
[Round "6"]
[White "leopato"]
[Black "viktoriani"]
[Result "0-1"]
[WhiteElo "1793"]
[BlackElo "2067"]
[TimeControl "180+2"]
[EndTime "14:20:10 PST"]
[Termination "viktoriani won on time"]

1. e4 c5 2. Nf3 e6 3. d4 cxd4 4. Nxd4 a6 5. Nc3 Qc7 6. Be3 Nf6 7. Bd3 Bb4 8. O-O Nc6 9. Nb3 Ne5 10. f4 Neg4 11.
Bd4 d6 12. h3 e5 0-1